Map: [ESL] Site Delta

Players

Maru - Winner!

  • Race: Terran Terran
  • Spawn Location: 5:00

Kelazhur

  • Race: Terran Terran
  • Spawn Location: 11:00

Event: ESL SC2 Masters 2023 Winter (Finals)

VOD

Have the link to the VOD?

Description

Time

  • Played on: Dec. 15, 2023, 10:15 a.m.
  • Length: 9:51

All games in this series

Show
View Real Time Build Order
Export as new Build Order

Maru Terran - Winner!

Build Orders: Cyclone Opening 

Get SALT Encoding   

  12  0:00  SCV  
  13  0:12  SCV  
  14  0:17  Supply Depot  
  14  0:24  SCV  
  15  0:38  SCV  
  15  0:41  Barracks  
  15  0:42  Refinery  
  16  0:50  SCV  
  16  0:52  Refinery  
  17  1:03  SCV  
  18  1:15  SCV  
  19  1:27  Orbital Command  
  19  1:28  Reaper  
  19  1:30  Supply Depot  
  20  1:42  Factory  
  20  1:53  SCV  
  21  2:00  Reaper  
  22  2:05  SCV  
  23  2:17  SCV  
  23  2:21  Command Center  
  24  2:26  Cyclone  
  24  2:29  SCV  
  27  2:35  Supply Depot  
  27  2:41  SCV  
  28  2:46  Starport  
  28  2:50  Barracks Reactor  
  28  2:53  SCV  
  29  2:59  Cyclone  
  31  3:06  SCV  
  32  3:18  SCV  
  33  3:22  Medivac  
  35  3:29  Marine x2  
  35  3:31  Factory Tech Lab, Refinery  
  35  3:33  Orbital Command  
  37  3:34  SCV  
  38  3:47  SCV  
  39  3:49  Marine  
  39  3:50  Siege Tank, Marine  
  39  3:53  Starport Tech Lab  
  44  3:58  SCV  
  44  3:59  SCV  
  45  4:03  Supply Depot  
  45  4:10  SCV  
  45  4:11  SCV  
  45  4:12  Raven  
  45  4:13  Marine x2  
  51  4:22  SCV  
  51  4:23  SCV  
  51  4:25  Siege Tank  
  53  4:34  SCV  
  53  4:35  SCV  
  55  4:42  Command Center  
  55  4:44  Supply Depot  
  55  4:46  Raven  
  55  4:47  SCV  
  55  4:48  SCV  
  59  4:53  Supply Depot  
  59  4:55  Interference Matrix  
  59  4:59  SCV  
  59  5:00  SCV  
  60  5:08  Siege Tank  
  60  5:09  Supply Depot  
  60  5:10  Marine x2  
  60  5:11  SCV  
  66  5:16  Refinery  
  66  5:17  SCV  
  67  5:28  Barracks, Raven  
  67  5:29  SCV  
  67  5:30  Barracks  
  67  5:35  Marine x2  
  72  5:36  SCV  
  72  5:41  SCV  
  74  5:43  Engineering Bay  
  74  5:44  Engineering Bay  
  74  5:47  Siege Tank  
  74  5:48  SCV  
  77  5:53  SCV  
  78  5:59  Marine x2  
  78  6:01  Orbital Command  
  78  6:03  SCV  
  81  6:09  SCV  
  81  6:10  Terran Infantry Weapons Level 1, Terran Infantry Armor Level 1  
  82  6:15  Starport Reactor, SCV  
  82  6:17  Barracks Tech Lab  
  83  6:19  Barracks  
  83  6:22  Barracks  
  83  6:24  Stimpack, Marine x3  
  86  6:29  Orbital Command  
  87  6:32  SCV  
  87  6:33  SCV  
  87  6:38  Marine, Supply Depot  
  87  6:39  Supply Depot  
  89  6:42  Marine  
  89  6:44  Siege Tank  
  89  6:45  Missile Turret  
  93  6:47  SCV  
  93  6:49  Combat Shield, SCV  
  93  6:53  Marine x2  
  97  6:55  SCV  
  97  6:56  Marine  
  97  6:59  Marine, SCV  
  97  7:00  Medivac x2  
  105  7:03  SCV  
  105  7:07  Supply Depot, SCV  
  108  7:09  Barracks Reactor  
  108  7:11  Barracks Reactor, SCV, Marine  
  108  7:15  SCV, Marine  
  111  7:19  Siege Tank, SCV, Marine  
  111  7:22  Supply Depot x2  
  116  7:25  Marine  
  117  7:30  SCV  
  117  7:31  SCV, Refinery x2  
  117  7:32  Marine  
  117  7:33  Marine  
  121  7:37  SCV  
  121  7:38  Armory  
  121  7:42  Marine, SCV  
  121  7:43  SCV  
  125  7:49  Marine x2, SCV, Medivac x2  
  125  7:50  Marine x3  
  135  7:51  Marine  
  135  7:56  SCV  
  135  7:57  SCV  
  138  7:59  Supply Depot  
  138  8:01  SCV  
  138  8:02  Marine x2  
  138  8:05  Factory  
  141  8:16  Marine  
  141  8:17  Marine x2  
  141  8:20  Marine x3  
  141  8:21  Siege Tank  
  141  8:22  Supply Depot  
  141  8:24  Marine x2  
  149  8:34  Marine x2  
  149  8:36  Marine  
  149  8:38  Marine x3  
  133  8:42  Marine x2  
  133  8:52  Marine x2  
  133  8:54  Marine  
  133  8:56  Marine  
Show
View Real Time Build Order
Export as new Build Order

Kelazhur Terran 

Build Orders: Cyclone Opening 

Get SALT Encoding   

  12  0:00  SCV  
  13  0:12  SCV  
  14  0:17  Supply Depot  
  14  0:24  SCV  
  15  0:39  Barracks, SCV  
  15  0:42  Refinery  
  16  0:51  SCV  
  16  0:52  Refinery  
  17  1:03  SCV  
  18  1:15  SCV  
  19  1:26  Reaper  
  19  1:27  Orbital Command  
  19  1:28  Supply Depot  
  20  1:40  Factory  
  20  1:52  SCV  
  21  1:58  Barracks Reactor  
  21  2:05  SCV  
  22  2:15  Command Center  
  22  2:17  SCV  
  23  2:24  Cyclone  
  26  2:30  SCV  
  26  2:35  Marine x2  
  28  2:40  Supply Depot  
  28  2:42  SCV  
  29  2:48  Starport  
  29  2:54  Marine, SCV  
  31  3:01  Marine  
  31  3:05  Cyclone  
  34  3:08  SCV  
  35  3:12  Marine  
  35  3:19  Marine  
  37  3:20  SCV  
  37  3:26  Medivac  
  40  3:29  Orbital Command  
  40  3:30  Marine  
  40  3:33  SCV  
  42  3:41  Cyclone  
  44  3:43  Marine  
  44  3:45  SCV  
  46  3:51  Supply Depot  
  46  3:52  Marine  
  46  3:55  SCV  
  48  3:57  SCV  
  48  4:01  Starport Tech Lab  
  49  4:02  Marine  
  49  4:07  SCV  
  49  4:09  SCV  
  52  4:13  Supply Depot  
  52  4:17  Factory Tech Lab  
  52  4:19  SCV  
  52  4:22  Raven  
  55  4:25  Interference Matrix, Marine x2  
  55  4:26  SCV  
  58  4:32  SCV  
  58  4:37  Siege Tank  
  58  4:38  Refinery  
  61  4:42  SCV  
  61  4:43  Marine  
  61  4:44  SCV  
  64  4:45  Marine  
  65  4:54  Command Center, SCV  
  65  4:59  Raven  
  68  5:05  SCV  
  68  5:06  SCV  
  68  5:16  Barracks x2, Supply Depot  
  68  5:20  SCV x2  
  70  5:26  Engineering Bay  
  70  5:28  Refinery, Engineering Bay  
  70  5:35  Supply Depot  
  70  5:38  Siege Tank, SCV x2  
  75  5:47  Viking  
  75  5:49  Viking  
  78  5:50  SCV  
  78  5:53  SCV  
  72  6:02  SCV  
  71  6:05  SCV  
  71  6:08  Barracks Reactor  
  71  6:09  Orbital Command, Stimpack  
  71  6:10  Barracks Reactor  
  72  6:14  SCV  
  72  6:15  Marine  
  72  6:17  SCV  
  75  6:24  Barracks x2  
  75  6:26  SCV  
  75  6:29  SCV  
  75  6:30  Siege Tank  
  80  6:33  Orbital Command, Marine  
  80  6:34  Terran Infantry Weapons Level 1  
  80  6:39  SCV  
  82  6:41  SCV  
  83  6:49  Marine x4  
  83  6:51  Marine, SCV  
  83  6:53  SCV  
  89  6:54  Liberator  
  89  7:01  SCV  
  93  7:02  Siege Tank  
  93  7:03  SCV  
  93  7:05  SCV  
  93  7:06  Supply Depot x2  
  93  7:07  Marine  
  99  7:08  Marine x2  
  99  7:14  Supply Depot  
  101  7:18  SCV x3, Marine x2  
  101  7:19  Barracks Reactor x2  
  106  7:26  Terran Infantry Armor Level 1  
  106  7:30  SCV x3  
  106  7:37  Siege Tank, Marine x4  
  112  7:40  Supply Depot x2  
  112  7:42  SCV x2  
  118  7:46  SCV  
  118  7:47  Refinery  
  118  7:48  Combat Shield  
  118  7:53  Marine  
  118  7:54  Marine  
  118  7:55  Marine  
  118  7:58  Marine x4  
  122  7:59  SCV x2  
  122  8:03  Supply Depot  
  122  8:05  Supply Depot  
  126  8:08  Marine x2  
  126  8:09  SCV  
  126  8:10  Marine  
  118  8:20  Siege Tank  
  118  8:25  Marine x3  
  123  8:37  Marine x5  
  123  8:38  Marine  
  76  8:43  Marine x3  
  76  8:52  Siege Tank  
  76  8:55  Marine x6  
  76  9:01  Marine x3  
  76  9:13  Marine x3  
Tags
 
Add a new tag
Caveats
  • Supply blocks, unpowered buildings, or Contaminate may cause inaccurate times.
  • Supply counts are checked every 10 seconds.